 Dungeon Crawl Stone Soup version 0.18.1-48-g4cf74bf (webtiles) character file.

417 Alarkh the Martial Artist (level 6, -2/46 HPs)
             Began as a Vampire Monk on Sept 8, 2016.
             Was a Believer of Okawaru.
             Slain by a gnoll (9 damage)
             ... on level 4 of the Dungeon.
             The game lasted 00:06:03 (2685 turns).

Alarkh the Martial Artist (Vampire Monk)            Turns: 2685, Time: 00:06:04

Health: -2/46      AC:  3    Str: 10    XL:     6   Next: 61%
Magic:  6/6        EV:  7    Int: 16    God:    Okawaru [**....]
Gold:   23         SH:  0    Dex: 17    Spells: 0 memorised, 5 levels left

rFire  . . .     SeeInvis +       - Unarmed
rCold  . . .     Gourm    .     a - +0 robe
rNeg   + . .     Faith    +     (no shield)
rPois  .         Spirit   .     (helmet restricted)
rElec  .         Dismiss  .     j - +0 cloak (curse)
rCorr  .         Reflect  .     (no gloves)
SustAt .         Harm     .     (no boots)
MR     .....                    c - amulet of faith
Stlth  +++.......               (no ring)
                                (no ring)

@: held, not resistant to hostile enchantments, fairly stealthy
A: fangs 3, horns 1, see invisible, berserk 1, clever 1, unbreathing
a: Bat Form, Heroism, Renounce Religion


You were on level 4 of the Dungeon.
You worshipped Okawaru.
Okawaru was pleased with you.
You were not thirsty.

You visited 1 branch of the dungeon, and saw 4 of its levels.

You collected 149 gold pieces.
You spent 126 gold pieces at shops.

Inventory:

Armour
 a - a +0 robe (worn)
 j - a cursed +0 cloak (worn)
 r - a +0 helmet
Jewellery
 c - an amulet of faith (around neck)
Wands
 p - a wand of slowing (28/48)
Scrolls
 b - 3 scrolls of teleportation
 d - a scroll of recharging {unknown}
 e - a scroll of identify
 g - a scroll of noise {unknown}
 h - 2 scrolls of amnesia {unknown}
 i - a scroll of immolation {unknown}
 l - 2 scrolls of remove curse {unknown}
 m - 2 scrolls of enchant weapon {unknown}
 n - 2 scrolls of enchant armour {unknown}
 s - a scroll of blinking
Potions
 f - a potion of cancellation
 k - 2 potions of might
 o - a potion of heal wounds
 q - 16 potions of blood
 t - a potion of lignification


   Skills:
 - Level 2.6 Fighting
 - Level 3.2 Dodging
 - Level 3.0 Stealth
 + Level 8.8 Unarmed Combat


You had 5 spell levels left.
You didn't know any spells.

Dungeon Overview and Level Annotations

Branches:
Dungeon (4/15)             Temple (0/1) D:4

Altars:
Okawaru
Sif Muna

Shops:
D:4 ?


Innate Abilities, Weirdness & Mutations

You have razor-sharp teeth.
You have supernaturally acute eyesight.
You can survive without breathing.
You have a pair of small horns on your head.
You tend to lose your temper in combat.
Your mind is acute. (Int +2)


Message History

A gnoll is nearby!
A gnoll comes into view. It is wielding a spear.
Found 10 gold pieces.
A gnoll comes into view.
The gnoll shouts! x3
The gnoll hits you from afar with a spear!
The gnoll throws a throwing net.
The throwing net hits you.
You become entangled in the net!
The gnoll hits you with a spear.
You see here a throwing net.
You are held in a net!
You are held in a net!
You try to slip out of the net.
The gnoll hits you with a spear. The gnoll hits you but does no damage.
You try to slip out of the net.
The gnoll barely misses you. The gnoll hits you.
The gnoll hits you with a spear.
You struggle against the net.
The gnoll hits you with a spear. The gnoll hits you with a spear!
* * * LOW HITPOINT WARNING * * *
The gnoll hits you!
You die...

#. #.#########
#.........#
.........#
#..P.P..$# ####
#...>....#.#..#
#.gPgP...#.#..#
#.g@.....#.#..#
......##..####.#..#
##### #.##
#.#..###### #.#
#.#........
#.#####.#.######.
#................
#######..####....
#..# #.... #..#
#..##


You could see 3 gnolls.

Vanquished Creatures
  Sigmund (D:2)
  An orc priest (D:4)
  Jessica (D:1)
  A gnoll (D:1)
  8 adders
  2 oozes
  3 worms
  4 dart slugs
  2 giant geckos
  8 orcs
  5 giant cockroaches
  6 goblins
  8 hobgoblins
  7 jackals
  A ball python (D:2)
  9 bats
  2 giant newts
  A jackal skeleton (D:4)
  9 kobolds
  6 rats
85 creatures vanquished.

Notes
Turn   | Place    | Note
--------------------------------------------------------------
     0 | D:1      | Alarkh the Vampire Monk began the quest for the Orb.
     0 | D:1      | Reached XP level 1. HP: 17/17 MP: 1/1
   117 | D:1      | Reached XP level 2. HP: 23/23 MP: 2/2
   128 | D:1      | Gained mutation: You have a pair of small horns on your head. [potion of mutation]
   128 | D:1      | Gained mutation: Your mind is acute. (Int +2) [potion of mutation]
   128 | D:1      | Gained mutation: You tend to lose your temper in combat. [potion of mutation]
   283 | D:1      | Reached skill level 5 in Unarmed Combat
   722 | D:1      | Reached XP level 3. HP: 25/28 MP: 3/3
  1214 | D:2      | Reached skill level 6 in Unarmed Combat
  1217 | D:2      | Noticed Jessica
  1331 | D:1      | Killed Jessica
  1331 | D:1      | Reached XP level 4. HP: 17/34 MP: 4/4
  1454 | D:2      | Found an iron altar of Okawaru.
  1502 | D:2      | Became a worshipper of Warmaster Okawaru
  1502 | D:2      | Reached * piety under Okawaru
  1502 | D:2      | Reached ** piety under Okawaru
  1752 | D:2      | Noticed Sigmund
  1771 | D:2      | Killed Sigmund
  1771 | D:2      | Reached skill level 8 in Unarmed Combat
  1771 | D:2      | Reached XP level 5. HP: 8/39 MP: 5/5
  1771 | D:2      | Reached XP level 6. HP: 10/46 MP: 6/6
  2010 | D:2      | Found a deep blue altar of Sif Muna.
  2464 | D:4      | Found Qionnes's Magic Scroll Boutique.
  2506 | D:4      | Bought a scroll of teleportation for 36 gold pieces
  2506 | D:4      | Bought a scroll of blinking for 90 gold pieces
  2677 | D:4      | Found a staircase to the Ecumenical Temple.
  2685 | D:4      | Slain by a gnoll

Skill      XL: |  1  2  3  4 |
---------------+-------------+-----
Unarmed Combat | 5 6 8 |  8.8
Fighting       | |  2.6
Dodging        | |  3.2
Stealth        | |  3.0

Action                   |  1- 3 |  4- 6 || total
-------------------------+-------+-------++-------
Melee: Unarmed           |    77 |   135 ||   212
       Bite              |     7 |     6 ||    13
       Headbutt          |     7 |    24 ||    31
       Punch             |     2 |     7 ||     9
  Use: Potion            |     6 |     8 ||    14
       Scroll            |       |     5 ||     5
 Stab: Sleeping          |     7 |     7 ||    14
       Distracted        |       |     1 ||     1
Armor: Robe              |    11 |    14 ||    25
Dodge: Dodged            |    33 |    82 ||   115
